cohdb
Replays
Latest Replays
All Replays
Popular Replays
Top Player Replays
Match Explorer
How It Works
Community
CoH3 Stats
Reddit
Sign in to upload your games and track your stats! →
Sign in with Steam
Match 26297859
Unlisted
Match 26297859
Overview
Messages
Build Orders
End
Construct Infanterie Kompanie
Selects Mechanized Battlegroup
MG 42 Machine Gun Team
GrW 34 Mortar Team
Grenadier Squad
Construct Panzergrenadier Kompanie
Grenadier Squad
Panzergrenadier Squad
Panzergrenadier Officer Quarters
Panzergrenadier Squad
Construct Panzer Kompanie
Panzergrenadier Squad
Selects Raid Package
Selects StuG Assault Group
Selects UNKNOWN (2160084)
Selects Spotting Scopes
Selects Stoßtruppen Assault Package
rexrex83
Joraad
Ceronbalas
mekarubi
mustang red
Jork Sparra
新年辞旧喜洋洋
SHANHAI
0
0
Comments
sign in to comment!
No comments posted yet!